 Dungeon Crawl Stone Soup version 0.23.0 (webtiles) character file.

Game seed: 894639895807029457

434 Gargoyl the Skirmisher (level 6, -2/52 HPs)
             Began as a Centaur Abyssal Knight on Feb 9, 2019.
             Was a Believer of Lugonu.
             Killed by divine providence
             ... invoked by an orc priest
              (13 damage)
             ... on level 4 of the Dungeon.
             The game lasted 00:07:21 (4744 turns).

Gargoyl the Skirmisher (Centaur Abyssal Knight)     Turns: 4744, Time: 00:07:21

Health: -2/52      AC: 10    Str: 15    XL:     6   Next: 67%
Magic:  8/8        EV:  2    Int: 11    God:    Lugonu [**....]
Gold:   297        SH:  0    Dex: 10    Spells: 5/5 levels left

rFire    . . .     SeeInvis +   a - +2 hand axe
rCold    + . .     Gourm    .   (no shield)
rNeg     + . .     Faith    .   e - +1 plate armour "Egeruj" {rN+ MR+ SInv} (curse)
rPois    .         Spirit   .   (no helmet)
rElec    .         Reflect  .   (no cloak)
rCorr    +         Harm     .   (no gloves)
MR       +....                  (no barding)
Stlth    ..........             (no amulet)
HPRegen  0.17/turn              j - ring of protection from cold
MPRegen  0.11/turn              m - ring of resist corrosion

@: confused, very quick
A: large, hooves 3, deformed body, speed 2, tough skin 3
a: Depart the Abyss, Bend Space, Renounce Religion


You were on level 4 of the Dungeon.
You worshipped Lugonu.
Lugonu was pleased with you.
You were not hungry.

You visited 1 branch of the dungeon, and saw 4 of its levels.
You visited the Abyss 1 time.

You collected 297 gold pieces.

Inventory:

Hand Weapons
 a - a +2 hand axe (weapon)
Missiles
 h - 5 tomahawks (quivered)
Armour
 e - the cursed +1 plate armour "Egeruj" (worn) {rN+ MR+ SInv}
   (You found it on level 2 of the Abyss)

   It protects you from negative energy.
   It affects your resistance to hostile enchantments.
   It lets you see invisible.
   It has a curse placed upon it.
Jewellery
 j - a ring of protection from cold (left hand)
 m - a ring of resist corrosion (right hand)
Scrolls
 b - a scroll of enchant armour {unknown}
 k - 2 scrolls of identify
Potions
 g - a potion of agility {unknown}
 i - a potion of curing {unknown}
Comestibles
 c - 5 rations
 d - 3 chunks of flesh


   Skills:
 + Level 4.2 Fighting
 + Level 3.2 Axes
 * Level 3.3 Armour
 * Level 1.8 Dodging
 * Level 3.3 Invocations


You had 5 spell levels left.
You didn't know any spells.
Your spell library was empty.

Dungeon Overview and Level Annotations

Branches:
Dungeon (4/15)
 Temple: D:4-7

Altars:
Qazlal

Annotations:
D:3 3 runed translucent doors, Oravi's ghost, amateur HOFi
D:4 2 runed translucent doors


Innate Abilities, Weirdness & Mutations

You have hooves in place of feet.
Armour fits poorly on your strangely shaped body.
You cover ground very quickly.
You have extremely tough skin. (AC +3)


Message History

Beogh smites you!
The orc wizard points at you and mumbles some strange words.
The puff of flame hits you!
* * * LOW HITPOINT WARNING * * *
It was a potion of ambrosia.
You are confused.
You feel invigorated.
The orc priest mumbles some strange prayers to Beogh against you.
Beogh smites you!
* * * LOW HITPOINT WARNING * * *
Unknown command.
You bump into the rock wall.
The orc priest casts a cantrip, but nothing happens.
The orc wizard hits you but does no damage.
You bump into the rock wall.
The orc wizard hits you with a +0 dagger.
* * * LOW HITPOINT WARNING * * *
The orc priest mumbles some strange prayers to Beogh against you.
Beogh smites you!
You die...

#........####
#...........#..
...#####%............
....ooo..........#...
...######oo.....#####
##.....## #o...##
#o#### #@# #######.#
#.....#.# #.###.#.#
#.# #...# #.###.###
#.....# #.#####.###
#.......#


You could see 3 orc priests and an orc wizard.

Vanquished Creatures
  Sigmund (D:4)
  A hound (D:3)
  2 orc wizards (D:4)
  4 gnolls (D:2)
  7 adders
  An ooze (D:1)
  3 worms (D:2)
  4 dart slugs
  2 leopard geckos
  An orc (D:4)
  10 bats
  2 giant cockroaches
  8 goblins
  7 hobgoblins (D:1)
  20 jackals
  A quokka (D:3)
  A frilled lizard (D:2)
  8 kobolds
  6 rats
89 creatures vanquished.

Notes
Turn   | Place    | Note
-------+----------+-------------------------------------------
     0 | Abyss:1  | Gargoyl the Centaur Abyssal Knight began the quest for the
                  | Orb.
     0 | Abyss:1  | Reached XP level 1. HP: 19/19 MP: 2/2
     7 | Abyss:1  | Found a corrupted altar of Lugonu.
    68 | Abyss:1  | Noticed a guardian serpent
   117 | Abyss:2  | Got a crude plate armour
   128 | Abyss:2  | Identified the cursed +1 plate armour "Egeruj" {rN+ MR+
                  | SInv} (You found it on level 2 of the Abyss)
   252 | Abyss:3  | Noticed a golden eye
   254 | D:1      | Escaped the Abyss
   461 | D:1      | Reached * piety under Lugonu
   490 | D:1      | Reached XP level 2. HP: 23/26 MP: 3/3
   694 | D:1      | Reached skill level 1 in Dodging
   765 | D:1      | Reached XP level 3. HP: 29/31 MP: 4/4
  1240 | D:2      | Reached ** piety under Lugonu
  1354 | D:2      | Reached XP level 4. HP: 39/40 MP: 5/5
  2279 | D:2      | Reached skill level 4 in Fighting
  2315 | D:2      | HP: 2/40 [poisoned by an adder]
  2767 | D:2      | Reached XP level 5. HP: 37/46 MP: 7/7
  3258 | D:3      | Found a stormy altar of Qazlal.
  3365 | D:2      | HP: 2/46 [poisoned by a kobold]
  3373 | D:2      | HP: 1/46 [poisoned by a kobold]
  3690 | D:3      | Found a runed translucent gate.
  3690 | D:3      | Found a runed translucent gate.
  3690 | D:3      | Found a runed translucent gate.
  3788 | D:3      | Noticed Oravi's ghost (amateur HOFi)
  4098 | D:4      | Noticed Sigmund
  4403 | D:4      | Killed Sigmund
  4403 | D:4      | Reached XP level 6. HP: 30/52 MP: 8/8
  4580 | D:4      | Found a runed translucent gate.
  4581 | D:4      | Found a runed translucent gate.
  4741 | D:4      | HP: 1/52 [orc priest/divine providence (13)]
  4744 | D:4      | Killed from afar by an orc priest

Skill      XL: |  1  2  3  4  5 |
---------------+----------------+-----
Dodging        | 1 |  1.8
Axes           | 2 3 |  3.2
Armour         | 2 3 |  3.3
Fighting       | 4 |  4.2
Invocations    | 3 |  3.3

Action                   |  1- 3 |  4- 6 || total
-------------------------+-------+-------++-------
Melee: Hand axe          |   110 |   173 ||   283
       Kick              |    18 |    32 ||    50
Invok: Depart the Abyss  |     1 |       ||     1
  Use: Scroll            |     4 |     4 ||     8
       Potion            |       |     3 ||     3
  Eat: Chunk             |       |     7 ||     7
       Ration            |       |     1 ||     1
Armor: Plate armour      |   117 |   169 ||   286
Dodge: Dodged            |    13 |    17 ||    30
